 Dungeon Crawl Stone Soup version 0.31.0-9-g3a7656b989 (webtiles) character file.

Game seed: 7955005229807016465

170 qw the Ducker (level 5, -4/25 HPs)
             Began as a Spriggan Hunter on Feb 2, 2024.
             Slain by a goblin
             ... wielding a +0 club
             ... led by Robin
              (5 damage)
             ... on level 3 of the Dungeon.
             The game lasted 00:00:06 (1445 turns).

qw the Ducker (Spriggan Hunter)                     Turns: 1445, Time: 00:00:06

Health: -4/25      AC:  3    Str: 13    XL:     5   Next: 26%
Magic:  6/6        EV: 23    Int: 11    God:
Gold:   1205       SH:  0    Dex: 26    Spells: 4/4 levels left

rFire   . . .        a - +0 shortbow
rCold   . . .        (shield currently unavailable)
rNeg    . . .        c - +0 robe
rPois   .            (helmet restricted)
rElec   .            e - +0 cloak
rCorr   .            (gloves unavailable)
SInv    +            (boots unavailable)
Will    .....        (no amulet)
Stlth   ++           i - +6 ring of dexterity
HPRegen 0.24/turn    p - +6 ring of strength
MPRegen 0.10/turn

%: no passive effects
@: very quick
A: very small, no large weapons, unfitting armour, see invisible, speed 3
a: no special abilities


You were on level 3 of the Dungeon.
You visited 1 branch of the dungeon, and saw 3 of its levels.

You collected 1205 gold pieces.


Innate Abilities, Weirdness & Mutations

You are very small and have problems with some larger weapons.
You are too small for most types of armour.
You have supernaturally acute eyesight. (SInv)
You cover ground extremely quickly. (Speed+++)


   Skills:
 + Level 1.5 Fighting
 - Level 5.1 Ranged Weapons
 - Level 6.0 Dodging
 - Level 1.5 Stealth


You had 4 spell levels left.
You didn't know any spells.
Your spell library was empty.

Inventory:

Hand Weapons
 a - a +0 shortbow (weapon)
Armour
 c - a +0 robe (worn)
 e - a +0 cloak (worn)
Jewellery
 i - a +6 ring of dexterity (left hand)
 p - a +6 ring of strength (right hand)
Scrolls
 b - a scroll of silence {unknown}
Potions
 g - a potion of magic {unknown}
 k - a potion of curing {unknown}
 m - a potion of haste
 o - a potion of heal wounds

Dungeon Overview and Level Annotations

Branches:
Dungeon (3/15)

Altars:


Message History

The adder misses you. The hobgoblin misses you. The goblin barely misses you.
The goblin misses you. x2; The goblin closely misses you.
The goblin misses you.
You shoot an arrow. The arrow hits the adder.
You kill the adder!
The goblin misses you. The goblin closely misses you.
The goblin completely misses you. The goblin misses you.
The goblin closely misses you.
The hobgoblin hits you but does no damage.
Your Dodging skill increases to level 6!
You shoot an arrow. The arrow barely misses the goblin.
The goblin completely misses you. The goblin hits you but does no damage.
The goblin completely misses you. The hobgoblin misses you.
The goblin misses you. The goblin closely misses you.
You shoot an arrow. The arrow closely misses the goblin.
The goblin closely misses you. The goblin misses you.
The goblin barely misses you. The hobgoblin misses you.
The goblin barely misses you.
Robin points. "Kill!"
Robin throws the goblin at you! The goblin barely misses you.
You shoot an arrow. The arrow hits the goblin!
You kill the goblin!
The goblin completely misses you. The goblin hits you with a +0 club. x2
The goblin misses you.
A goblin comes into view. It is wielding a +0 dagger.
The hobgoblin closely misses you.
You shoot an arrow. The arrow hits Robin.
Robin is moderately wounded.
The goblin misses you. The goblin barely misses you.
The goblin closely misses you. The goblin hits you but does no damage.
The goblin misses you. The hobgoblin barely misses you.
You shoot an arrow. The arrow hits Robin!
Robin is almost dead.
The goblin misses you. The goblin hits you but does no damage.
The goblin barely misses you. The goblin closely misses you.
The goblin completely misses you. The hobgoblin completely misses you.
You shoot an arrow. The arrow hits Robin!
You kill Robin!
The hobgoblin hits you. The goblin hits you with a +0 club. x2
The goblin completely misses you. The goblin hits you with a +0 club.
You die...

###. .# ..) .. ...
.##### .. # ..
.....#.
...#.#)#.......
.#.#$#.....#.##
.)...gggg......
#.#)@##..?.. #
#..ggg...?.. ..
#.#...##..#....
#.###.#............
......#.......#...
#...#..#.......#
#..............###
#................#
#.###..#.........#


You could see a hobgoblin (strong) and 6 goblins.

Vanquished Creatures
  Natasha (thrice) (D:2)
  Robin (D:3)
  4 adders
  A dart slug (D:1)
  An orc (D:3)
  4 endoplasms
  3 giant cockroaches (D:1)
  12 goblins
  4 hobgoblins
  4 kobolds
  3 quokkas
  4 ball pythons (D:1)
  4 bats
  3 frilled lizards (D:1)
  3 rats
54 creatures vanquished.

Notes
Turn   | Place    | Note
-------+----------+-------------------------------------------
     0 | D:1      | qw the Spriggan Hunter began the quest for the Orb.
     0 | D:1      | Reached XP level 1. HP: 10/10 MP: 2/2
     0 | D:1      | 0 ||| qw: Version: 0.3-a-155-g5e7d8dd
     0 | D:1      | 0 ||| qw: Game counter: 1928
     0 | D:1      | 0 ||| qw: Melee chars always use a shield: true
     0 | D:1      | 0 ||| qw: God list: Okawaru
     0 | D:1      | 0 ||| qw: Allow faded altars: false
     0 | D:1      | 0 ||| qw: Do Orc after clearing Dungeon:15 true
     0 | D:1      | 0 ||| qw: Do second Lair branch before Depths: true
     0 | D:1      | 0 ||| qw: Lair rune preference: random
     0 | D:1      | 0 ||| qw: Goals: Normal
     0 | D:1      | 0 ||| PLANNING D:1-11
    70 | D:1      | Reached skill level 3 in Dodging
   215 | D:1      | Reached XP level 2. HP: 14/14 MP: 3/3
   281 | D:1      | Reached skill level 4 in Dodging
   651 | D:1      | Reached XP level 3. HP: 18/18 MP: 4/4
   653 | D:1      | 653 ||| UPGRADING to +6 ring of dexterity.
   654 | D:1      | 654 ||| UPGRADING to ring of resist corrosion.
   655 | D:1      | 655 ||| UPGRADING to +6 ring of strength.
   657 | D:1      | 657 ||| DROPPING ring of resist corrosion.
   658 | D:1      | 658 ||| READING 3 scrolls labelled SEAMAE ACLIE.
   659 | D:1      | 659 ||| READING scroll labelled ROMOP TIK WUL.
   659 | D:1      | Identified a scroll of acquirement
   659 | D:1      | 659 ||| ACQUIRING 1048 gold pieces
   659 | D:1      | Acquired 1048 gold pieces
   661 | D:1      | 661 ||| READING 3 scrolls labelled DOZXAU LOURHASHRE.
   762 | D:1      | 762 ||| READING scroll labelled YMECOH MIQEAS.
   763 | D:1      | 763 ||| READING scroll labelled XEJ GIREATIDU.
   764 | D:1      | 764 ||| READING scroll labelled PITU EF MEUGGAPTU.
   769 | D:1      | 769 ||| DRINKING 2 dark potions.
   770 | D:1      | 770 ||| DROPPING scroll of butterflies.
   771 | D:1      | 771 ||| DROPPING 2 scrolls of fear.
   772 | D:1      | 772 ||| DROPPING 2 scrolls of vulnerability.
   983 | D:2      | Noticed Natasha
   988 | D:2      | Killed Natasha
   989 | D:2      | Reached skill level 5 in Dodging
   989 | D:2      | Reached XP level 4. HP: 14/22 MP: 5/5
  1046 | D:2      | Noticed Natasha
  1051 | D:2      | Killed Natasha
  1171 | D:2      | Noticed Natasha
  1179 | D:2      | Killed Natasha
  1251 | D:2      | 1251 ||| UPGRADING to +0 cloak.
  1256 | D:2      | 1256 ||| DROPPING ring of wizardry.
  1257 | D:2      | 1257 ||| READING scroll labelled ZENLEWI FIFA.
  1258 | D:2      | 1258 ||| DRINKING 2 fuming silvery potions.
  1321 | D:3      | Reached XP level 5. HP: 25/25 MP: 6/6
  1425 | D:3      | Noticed Robin
  1440 | D:3      | Reached skill level 6 in Dodging
  1445 | D:3      | Killed Robin
  1445 | D:3      | HP: 4/25 [goblin/+0 club[Robin] (4)]
  1445 | D:3      | HP: 1/25 [goblin/+0 club[Robin] (3)]
  1445 | D:3      | Slain by a goblin

Levels and vault maps discovered:
D:1:      orjb1_clovarrival, layout_loops_cross
D:2:      layout_basic, minivault_26, uniq_natasha
D:3:      layout_basic, led_sif_pool, due_unseen_surprise, uniq_robin

Skill      XL: |  1  2  3  4  5 |
---------------+----------------+-----
Dodging        | 3 4 5 6 |  6.0
Ranged Weapons | 5 |  5.1
Fighting       | |  1.5
Stealth        | |  1.5

Action                     |  1- 3 |  4- 6 || total
---------------------------+-------+-------++-------
   Fire: Shortbow          |    71 |    66 ||   137
    Use: Scroll            |     6 |     1 ||     7
         Potion            |     1 |     1 ||     2
 Armour: Robe              |     5 |    21 ||    26
  Dodge: Dodged            |     9 |    95 ||   104

Table legend:
 A = Non-vault XP
 B = Vault XP
 C = Vault XP percentage of total XP
 D = Non-vault monster count
 E = Vault monster count
 F = Vault count percentage of total count
                 A         B        C        D         E       F
            +---------+---------+-------+---------+---------+-------
      Total |     198 |      61 |  23.6 |      47 |       7 |  13.0
            +---------+---------+-------+---------+---------+-------
        D:1 |      41 |       0 |   0.0 |      23 |       0 |   0.0
        D:2 |     104 |      37 |  26.2 |      14 |       1 |   6.7
        D:3 |      53 |      24 |  31.2 |      10 |       6 |  37.5
            +---------+---------+-------+---------+---------+-------
